[Event "3rd Memorial Warakomska 2019"]
[Site "Suwalki"]
[Date "2019.08.07"]
[Round "4.20"]
[White "Koziol, Kamil"]
[Black "Skawinski, Arkadiusz"]
[Result "1/2-1/2"]
[ECO "C88"]
[WhiteElo "2307"]
[BlackElo "2398"]
[Annotator "NA"]
[PlyCount "59"]
[EventDate "2019.08.05"]
[EventType "swiss"]
[EventCountry "POL"]
[SourceTitle "playchess.com"]
[Source "ChessBase"]
[SourceQuality "1"]
[TimeControl "40/5400+30:1800+30"]

1. e4 e5 2. Nf3 Nc6 3. Bb5 a6 4. Ba4 Nf6 5. O-O Be7 6. Re1 b5 7. Bb3 O-O 8. a4 b4 9. d4 d6 10. dxe5 dxe5 11. Nbd2 Bc5 12. a5 h6 13. h3 Qe7 14. Qe2 Rd8 15. Bc4 Rd6 16. Nb3 Ba7 17. c3 Rb8 18. Kh2 Be6 19. Nbd2 Nh5 20. Bxe6 Rxe6 21. Nc4 Nf4 22. Qf1 Rb5 23. g3 Ng6 24. Be3 bxc3 25. bxc3 Bxe3 26. Rxe3 Qc5 27. Nfd2 Re8 28. Rd3 Rd8 29. Kg2 Nf8 30. Rxd8 1/2-1/2

[Event "3rd Memorial Warakomska 2019"]
[Site "Suwalki"]
[Date "2019.08.07"]
[Round "4.21"]
[White "Molenda, Marcin"]
[Black "Budrewicz, Krzysztof"]
[Result "0-1"]
[ECO "E63"]
[WhiteElo "2387"]
[BlackElo "2188"]
[Annotator "NA"]
[PlyCount "118"]
[EventDate "2019.08.05"]
[EventType "swiss"]
[EventCountry "POL"]
[SourceTitle "playchess.com"]
[Source "ChessBase"]
[SourceQuality "1"]
[TimeControl "40/5400+30:1800+30"]

1. d4 d6 2. Nf3 g6 3. g3 Bg7 4. Bg2 Nf6 5. O-O O-O 6. c4 Nc6 7. Nc3 a6 8. Bf4 Bf5 9. Rc1 h6 10. h3 Ne4 11. Na4 b5 12. cxb5 axb5 13. Nc3 Nxc3 14. Rxc3 Be4 15. a3 Ra4 16. e3 e5 17. Nxe5 Bxg2 18. Nxc6 Bxc6 19. Rxc6 g5 20. Qc2 gxf4 21. gxf4 d5 22. Rxc7 Rc4 23. Rxc4 bxc4 24. Qf5 Qd6 25. Kh2 Qe6 26. Qh5 Rb8 27. Rg1 Rxb2 28. Rg2 c3 29. Qd1 Qf5 30. Qg1 Qh7 31. Qc1 Rb3 32. a4 Qb1 33. Rg1 Qa2 34. Qf1 Rb2 35. Rg2 Qb1 36. Qa6 Kh7 37. Qc8 Qd3 38. Qc7 Qf5 39. Qxc3 Rc2 40. Qb3 Rc1 41. Qa3 Qb1 42. Kg3 Rh1 43. Qd6 Qf5 44. Rh2 Ra1 45. Qa6 Bf6 46. Qe2 h5 47. Qb2 Rb1 48. Qd2 Qe4 49. Rg2 Rh1 50. f3 Qf5 51. Kf2 Bh4+ 52. Ke2 Re1+ 53. Qxe1 Bxe1 54. Kxe1 Qxh3 55. Kf2 Qh4+ 56. Rg3 Qd8 57. Rg5 Kh6 58. Kg3 f6 59. Rf5 Kg6 0-1

[Event "3rd Memorial Warakomska 2019"]
[Site "Suwalki"]
[Date "2019.08.07"]
[Round "4.22"]
[White "Antolak, Julia"]
[Black "Karavade, Eesha"]
[Result "1/2-1/2"]
[ECO "B90"]
[WhiteElo "2258"]
[BlackElo "2355"]
[Annotator "NA"]
[PlyCount "89"]
[EventDate "2019.08.05"]
[EventType "swiss"]
[EventCountry "POL"]
[SourceTitle "playchess.com"]
[Source "ChessBase"]
[SourceQuality "1"]
[TimeControl "40/5400+30:1800+30"]

1. e4 c5 2. Nf3 d6 3. d4 cxd4 4. Nxd4 Nf6 5. Nc3 a6 6. Be3 e5 7. Nb3 Be6 8. f3 h5 9. Nd5 Bxd5 10. exd5 Nbd7 11. Qd2 Qc7 12. O-O-O Be7 13. Kb1 Nb6 14. Qa5 Bd8 15. c4 Rc8 16. Bxb6 Qxb6 17. Qxb6 Bxb6 18. h4 g6 19. Nd2 Ke7 20. Bd3 Rhg8 21. b3 Nd7 22. Ne4 Nc5 23. Bc2 f5 24. Ng5 a5 25. Rdf1 a4 26. g4 axb3 27. axb3 Rcf8 28. Nh7 Ra8 29. gxf5 gxf5 30. Rfg1 Na6 31. Rxg8 Rxg8 32. Bxf5 Rg2 33. Ng5 Nb4 34. Ne6 Na2 35. Bc2 Nb4 36. Bf5 Kf6 37. Be4 Rg1+ 38. Rxg1 Bxg1 39. Nd8 b6 40. Ne6 Bf2 41. Nc7 Bxh4 42. Ne8+ Ke7 43. Ng7 Bf2 44. Nxh5 Kf7 45. Kc1 1/2-1/2

[Event "3rd Memorial Warakomska 2019"]
[Site "Suwalki"]
[Date "2019.08.07"]
[Round "4.23"]
[White "Lewtak, Damian"]
[Black "Reza, Wojciech"]
[Result "1/2-1/2"]
[ECO "A05"]
[WhiteElo "2354"]
[BlackElo "2261"]
[Annotator "NA"]
[PlyCount "25"]
[EventDate "2019.08.05"]
[EventType "swiss"]
[EventCountry "POL"]
[SourceTitle "playchess.com"]
[Source "ChessBase"]
[SourceQuality "1"]
[TimeControl "40/5400+30:1800+30"]

1. Nf3 Nf6 2. c4 g6 3. Nc3 Bg7 4. g3 O-O 5. Bg2 d5 6. cxd5 Nxd5 7. O-O e5 8. Nxd5 Qxd5 9. d3 Nc6 10. Be3 Qd8 11. Nd2 Nd4 12. Rc1 c6 13. Re1 1/2-1/2

[Event "3rd Memorial Warakomska 2019"]
[Site "Suwalki"]
[Date "2019.08.07"]
[Round "4.24"]
[White "Punin, Andrii"]
[Black "Dzhuguryan, Tygran"]
[Result "1/2-1/2"]
[ECO "B31"]
[WhiteElo "2305"]
[BlackElo "2230"]
[Annotator "NA"]
[PlyCount "77"]
[EventDate "2019.08.05"]
[EventType "swiss"]
[EventCountry "POL"]
[SourceTitle "playchess.com"]
[Source "ChessBase"]
[SourceQuality "1"]
[TimeControl "40/5400+30:1800+30"]

1. e4 c5 2. Nf3 Nc6 3. Bb5 g6 4. O-O Bg7 5. Re1 e5 6. Bxc6 dxc6 7. d3 Qe7 8. Nbd2 Nf6 9. a3 O-O 10. b4 Nd7 11. Nb3 h6 12. Nxc5 Nxc5 13. bxc5 Qxc5 14. a4 Re8 15. Nd2 Be6 16. a5 Qe7 17. Ba3 Qc7 18. Bc5 b6 19. axb6 axb6 20. Be3 b5 21. Qb1 Bf8 22. Qb2 Ra4 23. Nb3 Rea8 24. Nc5 Bxc5 25. Bxc5 Ra2 26. Rxa2 Rxa2 27. Qc3 g5 28. Ra1 Rxa1+ 29. Qxa1 Kg7 30. f3 h5 31. g3 Kg6 32. Kf2 f6 33. Ke3 Qd7 34. Qa8 Qc8 35. Qa7 Qd7 36. Qb8 Qc8 37. Qd6 Qd7 38. Qf8 Qc8 39. Qxc8 1/2-1/2

[Event "3rd Memorial Warakomska 2019"]
[Site "Suwalki"]
[Date "2019.08.07"]
[Round "4.25"]
[White "Sowul, Bartosz"]
[Black "Zylka, Stanislaw"]
[Result "1/2-1/2"]
[ECO "A05"]
[WhiteElo "2210"]
[BlackElo "2308"]
[Annotator "ChessBase"]
[PlyCount "198"]
[EventDate "2019.08.05"]
[EventType "swiss"]
[EventCountry "POL"]
[SourceTitle "playchess.com"]
[Source "ChessBase"]
[SourceQuality "1"]
[TimeControl "40/5400+30:1800+30"]

1. Nf3 Nf6 2. c4 g6 3. b3 Bg7 4. Bb2 d6 5. d4 O-O 6. g3 e5 7. dxe5 dxe5 8. Qxd8 Rxd8 9. Nxe5 Ng4 10. Nd3 Bxb2 11. Nxb2 Nc6 12. Nc3 Nd4 13. Rc1 Bf5 14. h3 Nf6 15. Bg2 Nc2+ 16. Kf1 Rd2 17. g4 Nb4 18. gxf5 Rxb2 19. fxg6 hxg6 20. a3 Na2 21. Rb1 Rc2 22. Ne4 Nh5 23. Bf3 Rd8 24. Bxh5 gxh5 25. Rg1+ Kf8 26. Rg3 Re8 27. Ng5 f6 28. Nh7+ Kf7 29. Rd1 Rc1 30. Rxc1 Nxc1 31. Rf3 Rxe2 32. Nxf6 Rb2 33. Nxh5+ Kg6 34. Nf4+ Kh6 35. b4 Nb3 36. Re3 Nd2+ 37. Kg2 Nxc4 38. Rc3 b5 39. Nd5 a5 40. Nxc7 axb4 41. axb4 Rxb4 42. Nxb5 Rxb5 43. Rxc4 Kg5 44. Rg4+ Kf5 45. Kg3 Rb3+ 46. Kg2 Ra3 47. Rg8 Rb3 48. Rf8+ Kg5 49. Rf3 Rb1 50. Rg3+ Kf5 51. h4 Rb6 52. Ra3 Kg4 53. Ra4+ Kh5 54. Kg3 Rb3+ 55. f3 Rb5 56. Ra6 Rc5 57. Ra8 Rb5 58. Rh8+ Kg6 59. Kg4 Rb4+ 60. f4 Ra4 61. Rb8 Ra6 62. Rg8+ Kf7 63. Rg5 Kf6 64. Rh5 Ra1 65. Rh6+ Kg7 66. Rb6 Ra5 67. Rb7+ Kf6 68. Rb6+ Kg7 69. Rc6 Rb5 70. Ra6 Rc5 71. h5 Rb5 72. Re6 Ra5 73. Re5 Ra1 74. Kg5 Rg1+ 75. Kf5 Kh6 76. Ke6 Rf1 77. f5 Kxh5 78. Kf7 Kh6 79. Re6+ Kh7 80. Re5 Ra1 81. f6 Ra7+ 82. Re7 Ra8 83. Rb7 Kh6 84. Rc7 Kh7 85. Rd7 Kh6 86. Rd1 Ra7+ 87. Ke6 Ra6+ 88. Rd6 Ra7 89. Rd7 Ra8 90. Kf7 Kh7 91. Re7 Kh6 92. Re8 Ra7+ 93. Ke6 Ra6+ 94. Kf5 Ra5+ 95. Re5 Ra6 96. Rd5 Ra1 97. Rd4 Ra5+ 98. Ke6 Ra6+ 99. Rd6 Ra7 1/2-1/2

[Event "3rd Memorial Warakomska 2019"]
[Site "Suwalki"]
[Date "2019.08.07"]
[Round "4.26"]
[White "Zaika, Daniil"]
[Black "Kulon, Klaudia"]
[Result "1/2-1/2"]
[ECO "E67"]
[WhiteElo "2216"]
[BlackElo "2331"]
[Annotator "NA"]
[PlyCount "63"]
[EventDate "2019.08.05"]
[EventType "swiss"]
[EventCountry "POL"]
[SourceTitle "playchess.com"]
[Source "ChessBase"]
[SourceQuality "1"]
[TimeControl "40/5400+30:1800+30"]

1. d4 Nf6 2. c4 g6 3. g3 Bg7 4. Bg2 O-O 5. Nc3 d6 6. Nf3 Nbd7 7. O-O e5 8. h3 c6 9. e4 Re8 10. Re1 exd4 11. Nxd4 Qb6 12. Nb3 a5 13. Be3 Qc7 14. c5 dxc5 15. Nxc5 Ne5 16. Qc2 b6 17. N5a4 Rb8 18. f4 Nc4 19. Bf2 b5 20. Nc5 Nd7 21. e5 Nxc5 22. Bxc5 Bf5 23. Ne4 Rbd8 24. Rad1 Rd5 25. Qf2 Nxb2 26. Rxd5 cxd5 27. Nd6 Re6 28. Nxb5 Qc6 29. Na7 Qc7 30. Nb5 Qc6 31. Na7 Qc7 32. Nb5 1/2-1/2

[Event "3rd Memorial Warakomska 2019"]
[Site "Suwalki"]
[Date "2019.08.07"]
[Round "4.27"]
[White "Wiewiora, Eneasz"]
[Black "Suliborski, Jakub"]
[Result "1/2-1/2"]
[ECO "B22"]
[WhiteElo "2344"]
[BlackElo "2131"]
[Annotator "NA"]
[PlyCount "93"]
[EventDate "2019.08.05"]
[EventType "swiss"]
[EventCountry "POL"]
[SourceTitle "playchess.com"]
[Source "ChessBase"]
[SourceQuality "1"]
[TimeControl "40/5400+30:1800+30"]

1. e4 c5 2. c3 Nf6 3. e5 Nd5 4. d4 cxd4 5. cxd4 d6 6. Bc4 Nb6 7. Bb5+ Bd7 8. e6 Bxb5 9. Qh5 Qc8 10. Qxb5+ Kd8 11. Nc3 Qxe6+ 12. Nge2 Qc4 13. Qg5 N8d7 14. O-O h6 15. Qg3 Nf6 16. b3 Qc6 17. Rd1 Nbd5 18. Nxd5 Nxd5 19. Bd2 Rc8 20. Rac1 Qd7 21. Nf4 Nxf4 22. Qxf4 e6 23. Ba5+ b6 24. Bd2 d5 25. Rxc8+ Kxc8 26. Rc1+ Kb7 27. Qg3 g5 28. a4 Bd6 29. Qf3 Rc8 30. Rxc8 Kxc8 31. g3 Bf8 32. Qf6 Qe7 33. Qf3 Bg7 34. Qd3 f5 35. a5 Qc7 36. a6 Qc6 37. h4 Bf6 38. h5 Qe8 39. Bb4 Bg7 40. Ba3 Qc6 41. Kg2 Kc7 42. Bb4 Qc1 43. Qe2 Kd7 44. Qb5+ Qc6 45. Qd3 Qc1 46. Qb5+ Qc6 47. Qd3 1/2-1/2

[Event "3rd Memorial Warakomska 2019"]
[Site "Suwalki"]
[Date "2019.08.07"]
[Round "4.28"]
[White "Pniaczek, Marek"]
[Black "Paszewski, Mateusz"]
[Result "1-0"]
[ECO "B51"]
[WhiteElo "2276"]
[BlackElo "2324"]
[Annotator "NA"]
[PlyCount "105"]
[EventDate "2019.08.05"]
[EventType "swiss"]
[EventCountry "POL"]
[SourceTitle "playchess.com"]
[Source "ChessBase"]
[SourceQuality "1"]
[TimeControl "40/5400+30:1800+30"]

1. e4 c5 2. Nf3 d6 3. Bb5+ Nd7 4. a4 Ngf6 5. Nc3 g6 6. a5 Bg7 7. a6 O-O 8. O-O bxa6 9. Bxa6 Bxa6 10. Rxa6 Nb8 11. Ra4 Nc6 12. Re1 Nd7 13. d3 Rb8 14. Nd2 Nb6 15. Ra2 Qd7 16. Nb3 Rfc8 17. Na5 Nxa5 18. Rxa5 Rb7 19. Qd2 Na8 20. b3 Nc7 21. Bb2 Ne6 22. Ba1 h5 23. Ne2 Nd8 24. Bxg7 Kxg7 25. Nf4 Kh7 26. Nd5 Nc6 27. Ra4 Qd8 28. f4 Qh8 29. Qf2 f6 30. Qh4 Kg7 31. Kh1 Kf7 32. Rg1 Nd4 33. Ra2 Rd8 34. Rga1 Nc6 35. Ra6 Rc8 36. Rf1 Rd7 37. Qh3 e6 38. Ne3 Nb4 39. Ra4 Rcd8 40. Rfa1 Qh6 41. Qf3 Nc6 42. Ra6 Rc8 43. f5 e5 44. fxg6+ Qxg6 45. Qh3 Rdd8 46. Rf1 Kg7 47. Nf5+ Kh8 48. Rxc6 Rxc6 49. Ne7 Qe8 50. Nxc6 Qxc6 51. Rxf6 Rd7 52. Qxh5+ Kg8 53. Qe8+ 1-0

[Event "3rd Memorial Warakomska 2019"]
[Site "Suwalki"]
[Date "2019.08.07"]
[Round "4.29"]
[White "Lis, Mateusz"]
[Black "Gurbanov, Andrei"]
[Result "0-1"]
[ECO "C63"]
[WhiteElo "2007"]
[BlackElo "2305"]
[Annotator "NA"]
[PlyCount "88"]
[EventDate "2019.08.05"]
[EventType "swiss"]
[EventCountry "POL"]
[SourceTitle "playchess.com"]
[Source "ChessBase"]
[SourceQuality "1"]
[TimeControl "40/5400+30:1800+30"]

1. e4 e5 2. Nf3 Nc6 3. Bb5 f5 4. Nc3 fxe4 5. Nxe4 Nf6 6. d3 d5 7. Nxf6+ Qxf6 8. Bg5 Qf5 9. Qe2 Bd6 10. g4 Qxg4 11. Bxc6+ bxc6 12. Rg1 Qh5 13. Nd2 Qxe2+ 14. Kxe2 O-O 15. Rg2 Bh3 16. Rg3 Bd7 17. Bh6 Rf7 18. Rag1 g6 19. R3g2 Rf5 20. h4 Re8 21. Bg5 Ref8 22. Nf1 e4 23. d4 Rb8 24. b3 Kh8 25. h5 Be8 26. Ne3 Rf3 27. Ng4 Rh3 28. Bf6+ Kg8 29. Be5 Bxe5 30. dxe5 Kg7 31. Nf6 Bf7 32. Nxh7 Rxh5 33. Nf6 Rh3 34. Rg4 Rbh8 35. Rf4 R8h4 36. Rf5 Kf8 37. Nd7+ Ke7 38. Rf6 Rf3 39. Nb8 Rxf6 40. exf6+ Kd6 41. c4 Rf4 42. c5+ Kxc5 43. Rc1+ Kb6 44. b4 Be8 0-1

[Event "3rd Memorial Warakomska 2019"]
[Site "Suwalki"]
[Date "2019.08.07"]
[Round "4.30"]
[White "Efroimski, Marsel"]
[Black "Hoffmann, Yair"]
[Result "1-0"]
[ECO "B11"]
[WhiteElo "2318"]
[BlackElo "2099"]
[Annotator "NA"]
[PlyCount "147"]
[EventDate "2019.08.05"]
[EventType "swiss"]
[EventCountry "POL"]
[SourceTitle "playchess.com"]
[Source "ChessBase"]
[SourceQuality "1"]
[TimeControl "40/5400+30:1800+30"]

1. e4 c6 2. Nc3 d5 3. Nf3 Bg4 4. h3 Bxf3 5. Qxf3 e6 6. Be2 Nf6 7. O-O dxe4 8. Nxe4 Nbd7 9. d3 Qc7 10. Bf4 e5 11. Nxf6+ Nxf6 12. Qe3 Bd6 13. Bxe5 Bxe5 14. d4 O-O 15. dxe5 Nd5 16. Qd4 Rfe8 17. f4 f6 18. Bc4 fxe5 19. fxe5 Qxe5 20. Rad1 Qxd4+ 21. Rxd4 Re5 22. Rfd1 Rc8 23. c3 Kf7 24. Bxd5+ cxd5 25. Rxd5 Rxd5 26. Rxd5 Ke6 27. Rb5 b6 28. Kf2 Rf8+ 29. Ke2 Rf4 30. Rg5 g6 31. Rg3 Rf7 32. Rf3 Rd7 33. Re3+ Kf5 34. c4 h5 35. b3 g5 36. Rd3 Re7+ 37. Kf3 h4 38. Rd5+ Kg6 39. c5 bxc5 40. Rxc5 Rf7+ 41. Ke2 Re7+ 42. Kd2 Rf7 43. Re5 Rf2+ 44. Re2 Rf7 45. b4 Rc7 46. Kd3 Kf5 47. a4 Rd7+ 48. Kc4 Kf4 49. b5 Rd1 50. a5 Rc1+ 51. Kd5 Ra1 52. a6 Rd1+ 53. Kc6 Rc1+ 54. Kb7 Rb1 55. Rf2+ Ke5 56. Kxa7 Rxb5 57. Rf7 Rb2 58. Rb7 Rxg2 59. Kb8 Ra2 60. a7 g4 61. hxg4 Kf4 62. Rg7 Rb2+ 63. Kc8 Ra2 64. Kb7 Rb2+ 65. Kc6 Ra2 66. g5 Kf5 67. Kb7 Rb2+ 68. Kc8 Ra2 69. Kb8 Rb2+ 70. Rb7 Ra2 71. Rb5+ Kg6 72. a8=Q Rxa8+ 73. Kxa8 h3 74. Rb3 1-0

[Event "3rd Memorial Warakomska 2019"]
[Site "Suwalki"]
[Date "2019.08.07"]
[Round "4.31"]
[White "Lisowski, Krzysztof"]
[Black "Fiedorek, Michal"]
[Result "1/2-1/2"]
[ECO "B31"]
[WhiteElo "2187"]
[BlackElo "2241"]
[Annotator "NA"]
[PlyCount "93"]
[EventDate "2019.08.05"]
[EventType "swiss"]
[EventCountry "POL"]
[SourceTitle "playchess.com"]
[Source "ChessBase"]
[SourceQuality "1"]
[TimeControl "40/5400+30:1800+30"]

1. e4 c5 2. Nf3 Nc6 3. Bb5 g6 4. Bxc6 dxc6 5. d3 Bg7 6. h3 Nf6 7. Nc3 Nd7 8. Be3 e5 9. Qd2 h6 10. O-O b6 11. Nh2 Nf8 12. f4 exf4 13. Bxf4 Ne6 14. Be3 Nd4 15. Nd1 Qd6 16. Bf4 Qe7 17. c3 Ne6 18. Bg3 h5 19. Nf3 Ba6 20. e5 Bh6 21. Qe2 O-O-O 22. Nf2 Bf4 23. Bxf4 Nxf4 24. Qe4 Nxd3 25. Qxc6+ Kb8 26. Nxd3 Rxd3 27. Qe4 Rhd8 28. Rae1 Bb7 29. Qf4 Ka8 30. Rf2 Bxf3 31. Rxf3 Rxf3 32. Qxf3+ Kb8 33. e6 fxe6 34. Qg3+ e5 35. Qxg6 h4 36. Qe4 Rd2 37. Re2 Rxe2 38. Qxe2 Qg5 39. Qd3 Qc1+ 40. Kh2 Qf4+ 41. Kg1 Kc8 42. Qd6 Qe3+ 43. Kh2 Qg3+ 44. Kg1 Qe3+ 45. Kh2 Qf4+ 46. Kg1 Qe3+ 47. Kh2 1/2-1/2

[Event "3rd Memorial Warakomska 2019"]
[Site "Suwalki"]
[Date "2019.08.07"]
[Round "4.32"]
[White "Selbes, Tarik"]
[Black "Bachor, Tomasz"]
[Result "0-1"]
[ECO "B27"]
[WhiteElo "2342"]
[BlackElo "2022"]
[Annotator "NA"]
[PlyCount "86"]
[EventDate "2019.08.05"]
[EventType "swiss"]
[EventCountry "POL"]
[SourceTitle "playchess.com"]
[Source "ChessBase"]
[SourceQuality "1"]
[TimeControl "40/5400+30:1800+30"]

1. e4 c5 2. Nf3 g6 3. c3 Bg7 4. d4 cxd4 5. cxd4 d5 6. exd5 Nf6 7. Qa4+ Nbd7 8. Nc3 O-O 9. Qb3 Nb6 10. Bg5 Nfxd5 11. Be2 Be6 12. Qa3 h6 13. Bh4 f5 14. O-O g5 15. Bxg5 hxg5 16. Nxg5 Bf7 17. Nxd5 Bxd5 18. Qh3 Rf6 19. f4 Qd7 20. Bd3 e6 21. Rad1 Rh6 22. Qg3 Nc8 23. Rfe1 Nd6 24. Re5 Nf7 25. Re3 Nxg5 26. fxg5 Rh7 27. Bb1 Rc8 28. Rc3 Rxc3 29. bxc3 Bf8 30. h4 Qc7 31. Qf2 Bd6 32. Bxf5 Rf7 33. Bxe6 Bxe6 34. Qe3 Bd5 35. Qe8+ Bf8 36. g6 Re7 37. Qb5 Qc6 38. Qb2 Qxg6 39. Rf1 Rg7 40. Rf2 Qe4 41. h5 Qe1+ 42. Rf1 Qe3+ 43. Rf2 Rxg2+ 0-1

[Event "3rd Memorial Warakomska 2019"]
[Site "Suwalki"]
[Date "2019.08.07"]
[Round "4.33"]
[White "Czerw, Dawid"]
[Black "Kokoszczynski, Jan"]
[Result "1/2-1/2"]
[ECO "A57"]
[WhiteElo "2326"]
[BlackElo "2238"]
[Annotator "NA"]
[PlyCount "40"]
[EventDate "2019.08.05"]
[EventType "swiss"]
[EventCountry "POL"]
[SourceTitle "playchess.com"]
[Source "ChessBase"]
[SourceQuality "1"]
[TimeControl "40/5400+30:1800+30"]

1. d4 Nf6 2. c4 c5 3. d5 b5 4. cxb5 a6 5. e3 g6 6. Nc3 Bg7 7. a4 O-O 8. Nf3 Bb7 9. e4 e6 10. Be2 exd5 11. exd5 axb5 12. Bxb5 Re8+ 13. Be2 Na6 14. O-O Nb4 15. Bc4 Ne4 16. Ra3 Nd6 17. Be2 Nf5 18. Bc4 Nd6 19. Be2 Nf5 20. Bc4 Nd6 1/2-1/2

[Event "3rd Memorial Warakomska 2019"]
[Site "Suwalki"]
[Date "2019.08.07"]
[Round "4.34"]
[White "Szadkowski, Kamil"]
[Black "Bai, Adelard"]
[Result "1/2-1/2"]
[ECO "C71"]
[WhiteElo "2245"]
[BlackElo "2113"]
[Annotator "NA"]
[PlyCount "99"]
[EventDate "2019.08.05"]
[EventType "swiss"]
[EventCountry "POL"]
[SourceTitle "playchess.com"]
[Source "ChessBase"]
[SourceQuality "1"]
[TimeControl "40/5400+30:1800+30"]

1. e4 e5 2. Nf3 Nc6 3. Bb5 a6 4. Ba4 d6 5. d4 b5 6. Bb3 Nxd4 7. Nxd4 exd4 8. c3 dxc3 9. Nxc3 Nf6 10. e5 dxe5 11. Bxf7+ Ke7 12. Qb3 Qd6 13. Bg5 Be6 14. Bxe6 Qxe6 15. Nd5+ Kd7 16. Bxf6 gxf6 17. O-O Bd6 18. Rfd1 Rab8 19. Rac1 c6 20. Ne3 Qxb3 21. axb3 Rhd8 22. Ng4 Rf8 23. Rc3 Kc7 24. Rdc1 c5 25. Rh3 Rf7 26. Rh6 Rbf8 27. b4 e4 28. Rh5 Kb7 29. bxc5 Bf4 30. Rd1 a5 31. Rf5 Bc7 32. Ne3 Re8 33. c6+ Kxc6 34. Rc1+ Kb6 35. Nd5+ Kb7 36. Nxc7 Rxc7 37. Rxb5+ Kc8 38. Rxc7+ Kxc7 39. Rxa5 Rb8 40. Rc5+ Kd6 41. Rc2 Rb7 42. Kf1 Kd5 43. Ke2 Kd4 44. Rd2+ Ke5 45. Kd1 f5 46. Ke2 Rb3 47. Rc2 Kd4 48. g3 Ke5 49. Kd1 f4 50. gxf4+ 1/2-1/2

[Event "3rd Memorial Warakomska 2019"]
[Site "Suwalki"]
[Date "2019.08.07"]
[Round "4.35"]
[White "Kukula, Pawel"]
[Black "Szostko, Jakub"]
[Result "1-0"]
[ECO "E29"]
[WhiteElo "2209"]
[BlackElo "2245"]
[Annotator "NA"]
[PlyCount "57"]
[EventDate "2019.08.05"]
[EventType "swiss"]
[EventCountry "POL"]
[SourceTitle "playchess.com"]
[Source "ChessBase"]
[SourceQuality "1"]
[TimeControl "40/5400+30:1800+30"]

1. d4 Nf6 2. c4 e6 3. Nc3 Bb4 4. a3 Bxc3+ 5. bxc3 c5 6. e3 O-O 7. Bd3 Nc6 8. Ne2 b6 9. e4 Ne8 10. O-O Ba6 11. Ng3 Na5 12. Qe2 Rc8 13. d5 Nd6 14. e5 Ndxc4 15. Qh5 g6 16. Qh6 f5 17. exf6 Qxf6 18. Bg5 Qg7 19. dxe6 dxe6 20. Qh4 b5 21. Ne4 Ne5 22. Bh6 Qc7 23. Bxf8 Rxf8 24. Be2 Nac4 25. f4 Nc6 26. Bxc4 bxc4 27. Rad1 Qg7 28. Rd6 Bb7 29. Nxc5 1-0

[Event "3rd Memorial Warakomska 2019"]
[Site "Suwalki"]
[Date "2019.08.07"]
[Round "4.36"]
[White "Kiolbasa, Oliwia"]
[Black "Luba, Lukasz"]
[Result "1/2-1/2"]
[ECO "C18"]
[WhiteElo "2239"]
[BlackElo "2177"]
[Annotator "NA"]
[PlyCount "87"]
[EventDate "2019.08.05"]
[EventType "swiss"]
[EventCountry "POL"]
[SourceTitle "playchess.com"]
[Source "ChessBase"]
[SourceQuality "1"]
[TimeControl "40/5400+30:1800+30"]

1. e4 e6 2. d4 d5 3. Nc3 Bb4 4. e5 c5 5. a3 Bxc3+ 6. bxc3 c4 7. h4 Ne7 8. h5 f5 9. exf6 gxf6 10. Nf3 Nbc6 11. Bf4 Qa5 12. Qd2 Bd7 13. g3 O-O-O 14. Bh3 Rde8 15. O-O Nd8 16. Rfe1 Nec6 17. Re2 Nf7 18. Qe1 Ncd8 19. Nh4 Rhg8 20. Ng2 Ng5 21. Bxg5 Rxg5 22. Nf4 Qa6 23. Bg2 Qd6 24. Qd2 Reg8 25. a4 Kb8 26. a5 Bc8 27. a6 b6 28. Ree1 Kc7 29. Kf1 Nc6 30. Qe3 Nd8 31. Bf3 Re8 32. Nh3 Rg7 33. Nf4 Rge7 34. Qd2 Nc6 35. Re3 b5 36. h6 Kb6 37. Rae1 Kxa6 38. Nh5 Rf8 39. Nf4 Rfe8 40. Nh5 Rf8 41. Nf4 Rfe8 42. Bh5 Rf8 43. Bf3 b4 44. Qe2 1/2-1/2

[Event "3rd Memorial Warakomska 2019"]
[Site "Suwalki"]
[Date "2019.08.07"]
[Round "4.37"]
[White "Sanz Wawer, Daniel"]
[Black "Mulet, Piotr"]
[Result "1-0"]
[ECO "D70"]
[WhiteElo "2154"]
[BlackElo "2244"]
[Annotator "NA"]
[PlyCount "86"]
[EventDate "2019.08.05"]
[EventType "swiss"]
[EventCountry "POL"]
[SourceTitle "playchess.com"]
[Source "ChessBase"]
[SourceQuality "1"]
[TimeControl "40/5400+30:1800+30"]

1. d4 Nf6 2. c4 g6 3. f3 d5 4. cxd5 Nxd5 5. e4 Nb6 6. Nc3 Bg7 7. Be3 O-O 8. Qd2 Nc6 9. O-O-O Qd6 10. Kb1 Rd8 11. Nb5 Qd7 12. d5 Ne5 13. Qc2 c6 14. Nxa7 Qc7 15. Nb5 Qd7 16. Bxb6 cxb5 17. Qb3 Nc4 18. Bxc4 bxc4 19. Qxc4 Re8 20. Ne2 e6 21. Nc3 Bxc3 22. Qxc3 exd5 23. Rxd5 Qa4 24. Ra5 Rxa5 25. Qxa5 Qc4 26. Rd1 Be6 27. b3 Qe2 28. Qd2 Qb5 29. Bd4 Rd8 30. Qc2 h6 31. Bf6 Re8 32. Bb2 Kh7 33. Qc3 Rg8 34. Rd3 h5 35. Qd2 Rc8 36. Rc3 Rg8 37. h4 Qb6 38. Bc1 Rd8 39. Qh6+ Kg8 40. Bb2 Rd1+ 41. Kc2 Rd8 42. Re3 Rc8+ 43. Kb1 Qd6 1-0

[Event "3rd Memorial Warakomska 2019"]
[Site "Suwalki"]
[Date "2019.08.07"]
[Round "4.38"]
[White "Praczukowski, Stanislaw"]
[Black "Czopor, Maciej"]
[Result "0-1"]
[ECO "B83"]
[WhiteElo "2166"]
[BlackElo "2250"]
[Annotator "NA"]
[PlyCount "72"]
[EventDate "2019.08.05"]
[EventType "swiss"]
[EventCountry "POL"]
[SourceTitle "playchess.com"]
[Source "ChessBase"]
[SourceQuality "1"]
[TimeControl "40/5400+30:1800+30"]

1. e4 c5 2. Nf3 e6 3. d4 cxd4 4. Nxd4 Nf6 5. Nc3 d6 6. Be2 Be7 7. O-O O-O 8. Be3 a6 9. f4 Nc6 10. Qe1 Bd7 11. Qg3 b5 12. a3 Nxd4 13. Bxd4 Bc6 14. Rae1 g6 15. f5 e5 16. Be3 Nxe4 17. Nxe4 Bxe4 18. Qf2 Bxf5 19. Bh6 Rc8 20. Bxf8 Bxf8 21. Bd3 Be6 22. Qg3 Bg7 23. c3 f5 24. Rd1 e4 25. Bb1 Be5 26. Qf2 Qc7 27. g4 Kh8 28. Qg2 Rg8 29. Rfe1 a5 30. h3 Bc4 31. Kh1 d5 32. Bc2 a4 33. Rg1 f4 34. Rge1 f3 35. Qd2 Rf8 36. Qh6 Bg7 0-1

[Event "3rd Memorial Warakomska 2019"]
[Site "Suwalki"]
[Date "2019.08.07"]
[Round "4.39"]
[White "Klimkowski, Jan"]
[Black "Shpanko, Nadiia"]
[Result "1/2-1/2"]
[ECO "D00"]
[WhiteElo "1985"]
[BlackElo "2132"]
[Annotator "NA"]
[PlyCount "48"]
[EventDate "2019.08.05"]
[EventType "swiss"]
[EventCountry "POL"]
[SourceTitle "playchess.com"]
[Source "ChessBase"]
[SourceQuality "1"]
[TimeControl "40/5400+30:1800+30"]

1. d4 d5 2. g3 Nf6 3. Bg2 e6 4. Nf3 Be7 5. O-O O-O 6. c4 dxc4 7. Ne5 Nc6 8. Nxc6 bxc6 9. e3 Ba6 10. Nc3 Qd7 11. e4 Bb5 12. Be3 Rfd8 13. Qe2 Rab8 14. Rfd1 a5 15. Rac1 Qe8 16. Bf4 Rd7 17. Bh3 Rbd8 18. Be5 Bd6 19. f4 Qe7 20. Bxf6 Qxf6 21. e5 Qh6 22. Bg2 Bb4 23. Qe3 Bxc3 24. Qxc3 a4 1/2-1/2

[Event "3rd Memorial Warakomska 2019"]
[Site "Suwalki"]
[Date "2019.08.07"]
[Round "4.40"]
[White "Jaroch, Karol"]
[Black "Wolanski, Michal"]
[Result "1-0"]
[ECO "B34"]
[WhiteElo "2221"]
[BlackElo "2007"]
[Annotator "NA"]
[PlyCount "91"]
[EventDate "2019.08.05"]
[EventType "swiss"]
[EventCountry "POL"]
[SourceTitle "playchess.com"]
[Source "ChessBase"]
[SourceQuality "1"]
[TimeControl "40/5400+30:1800+30"]

1. e4 c5 2. Nf3 g6 3. d4 cxd4 4. Nxd4 Nc6 5. Nc3 Bg7 6. Nb3 Nf6 7. Be2 O-O 8. Bg5 d6 9. Qd2 Be6 10. h4 d5 11. Bxf6 Bxf6 12. exd5 Bxc3 13. Qxc3 Qxd5 14. Bf3 Qc4 15. Qxc4 Bxc4 16. Bxc6 bxc6 17. Na5 Bd5 18. f3 Rfc8 19. O-O-O Rab8 20. c4 Be6 21. Rd2 Kf8 22. h5 g5 23. Re1 Rd8 24. b3 Rxd2 25. Kxd2 Bd7 26. Kc3 f6 27. Kd4 e5+ 28. Kc5 Rb6 29. Kd6 Be8 30. c5 Rb8 31. Kc7 Rb5 32. Nb7 Rb4 33. Nd8 Rb5 34. Rc1 Bxh5 35. Kxc6 Rb4 36. Kc7 g4 37. Nc6 Rf4 38. fxg4 Bxg4 39. b4 Rf2 40. a4 e4 41. Re1 Re2 42. Rxe2 Bxe2 43. b5 e3 44. b6 axb6 45. cxb6 Ba6 46. Nd4 1-0